 Dungeon Crawl Stone Soup version 0.21.1-1-g345015fe64 (webtiles) character file.

24 Naru the Grave Robber (level 2, 0/24 HPs)
             Began as a Troll Necromancer on June 12, 2018.
             Slain by an ice beast (11 damage)
             ... on level 1 of the Dungeon.
             The game lasted 00:03:35 (1246 turns).

Naru the Grave Robber (Troll Necromancer)           Turns: 1246, Time: 00:03:36

Health: 0/24       AC:  8    Str: 15    XL:     2   Next: 79%
Magic:  2/3        EV: 10    Int: 11    God:
Gold:   62         SH:  0    Dex: 10    Spells: 1/3 levels left

rFire    . . .     SeeInvis .   (no weapon)
rCold    . . .     Gourm    +   (no shield)
rNeg     . . .     Faith    .   a - +0 robe
rPois    .         Spirit   .   l - +0 hat
rElec    .         Reflect  .   (no cloak)
rCorr    .         Harm     .   (gloves unavailable)
MR       .....                  (boots unavailable)
Stlth    +.........             (no amulet)
HPRegen  0.48/turn              i - +3 ring of protection
MPRegen  0.08/turn              (no ring)

@: no status effects
A: large, unfitting armour, claws 3, fast metabolism 3, gourmand, regeneration
1, shaggy fur 1, tough skin 2
a: no special abilities


You were on level 1 of the Dungeon.
You were hungry.

You visited 1 branch of the dungeon, and saw 2 of its levels.

You collected 62 gold pieces.

Inventory:

Armour
 a - a +0 robe (worn)
 l - a +0 hat (worn)
Jewellery
 i - a +3 ring of protection (left claw)
Scrolls
 e - 2 scrolls of magic mapping {unknown}
 f - a scroll of identify {unknown}
 h - a scroll of immolation {unknown}
 k - a scroll of teleportation {unknown}
Potions
 d - a potion of brilliance {unknown}
 g - a potion of lignification {unknown}
 j - a potion of heal wounds {unknown}
 m - a potion of invisibility {unknown}
Books
 b - a book of Necromancy

   Spells                             Type                      Level
   a - Pain                           Necromancy                   1
   b - Animate Skeleton               Necromancy                   1
   c - Vampiric Draining              Necromancy                   3
   d - Regeneration                   Charms/Necromancy            3
   e - Animate Dead                   Necromancy                   4
   f - Borgnjor's Vile Clutch         Necromancy/Earth             5
Comestibles
 c - 3 rations


   Skills:
 * Level 0.2 Fighting
 - Level 1.5 Dodging
 - Level 1.0 Stealth
 + Level 0.6 Unarmed Combat
 * Level 1.3 Spellcasting
 * Level 3.8 Necromancy


You had one spell level left.
You knew the following spells:

 Your Spells              Type           Power        Failure   Level  Hunger
a - Pain                  Necr           #...         6%          1    ##.....
b - Animate Skeleton      Necr           N/A          6%          1    ##.....


Dungeon Overview and Level Annotations

Branches:
Dungeon (2/15)

Altars:


Innate Abilities, Weirdness & Mutations

You are too large for most types of armour.
You have claws for hands.
Your metabolism is lightning-fast.
You like to eat raw meat.
Your natural rate of healing is unusually fast.
You are covered in fur. (AC +1)
You have very tough skin. (AC +2)


Message History

The ice beast closely misses you.
The ice beast hits you but does no damage.
The ice beast completely misses you.
You are feeling hungry.
Your magical contamination has completely faded away.
Casting: Pain
Confirm with . or Enter, or press ? or * to list all spells.
Aiming: Pain
Press: ? - help, Shift-Dir - straight line, f/p - ice beast
Aim: an ice beast (heavily wounded, chance to defeat MR: 60%)
The ice beast writhes in agony!
The ice beast hits you but does no damage.
The ice beast hits you. The ice beast freezes you!
* * * LOW HITPOINT WARNING * * *
The ice beast hits you but does no damage.
The ice beast hits you but does no damage.
The ice beast barely misses you.
You see here a club.
The ice beast hits you. The ice beast freezes you!
You die...

### ### #.########.#
#..........#
#.########.##### #.#
#.#.@.# #.# #.#Y#.# #.#
#.#.#.# ##.#####
#.#.#.#
###......####.#.#.#
..........>##.#.#.#
.......#........#.#####
###.##.######.#)......#
.....#.# #.#.#.###.###


You could see an ice beast.

Vanquished Creatures
  2 leopard geckos (D:1)
  2 bats (D:1)
  A giant cockroach (D:1)
  3 hobgoblins (D:1)
  3 frilled lizards (D:1)
  7 goblins (D:1)
  4 rats (D:1)
22 creatures vanquished.

Notes
Turn   | Place    | Note
-------+----------+-------------------------------------------
     0 | D:1      | Naru the Troll Necromancer began the quest for the Orb.
     0 | D:1      | Reached XP level 1. HP: 16/16 MP: 1/1
     3 | D:1      | Learned a level 1 spell: Animate Skeleton
   145 | D:1      | Reached XP level 2. HP: 21/24 MP: 2/2
   938 | D:2      | Noticed an ice beast
   976 | D:1      | HP: 1/24 [ice beast (11)]
  1037 | D:1      | HP: 1/24 [ice beast (5)]
  1155 | D:1      | HP: 1/24 [ice beast (14)]
  1246 | D:1      | Slain by an ice beast

Action                   || total
-------------------------++-------
Melee: Unarmed           ||    74
 Cast: Pain              ||    14
       Animate Skeleton  ||     1
 Stab: Sleeping          ||     1
  Eat: Chunk             ||     5
       Ration            ||     1
Armor: Robe              ||    54
Dodge: Dodged            ||    52
